 Dungeon Crawl Stone Soup version 0.24-a0-201-gf205589 (webtiles) character file.

Game seed: 3831006142634346979

158 Ijustatesigmund the Ducker (level 5, -1/37 HPs)
             Began as an Octopode Fighter on Mar 23, 2019.
             Slain by a worker ant (2 damage)
             ... on level 4 of the Dungeon.
             The game lasted 00:03:27 (2271 turns).

Ijustatesigmund the Ducker (Octopode Fighter)       Turns: 2271, Time: 00:03:28

Health: -1/37      AC:  1    Str: 17 (18) XL:     5   Next: 39%
Magic:  5/5        EV: 12    Int: 10      God:
Gold:   112        SH:  9    Dex: 12      Spells: 4/4 levels left

rFire    . . .     SeeInvis .   a - +1 flail
rCold    . . .     Gourm    .   b - +0 shield
rNeg     . . .     Faith    .   (helmet restricted)
rPois    .         Spirit   .   (no amulet)
rElec    .         Reflect  .   (no ring)
rCorr    .         Harm     .   (no ring)
MR       .....                  (no ring)
Stlth    ++........             (no ring)
HPRegen  0.12/turn              (no ring)
MPRegen  0.09/turn              (no ring)
                                (no ring)
                                (no ring)

@: lethally poisoned (-1 -> -8)
A: almost no armour, stealthy swim, amphibious, 8 rings, constrict 8, camouflage
1, deterioration 1, strong 1, gelatinous body 1, evolution 1, subdued magic 1
a: no special abilities


You were on level 4 of the Dungeon.
You were not hungry.

You visited 1 branch of the dungeon, and saw 4 of its levels.

You collected 112 gold pieces.

Inventory:

Hand Weapons
 a - a +1 flail (weapon)
Armour
 b - a +0 shield (worn)
Scrolls
 f - a scroll of fog
 g - a scroll of teleportation
 h - 2 scrolls of remove curse
 l - a scroll of random uselessness {unknown}
Potions
 c - a potion of might
 e - 2 potions of magic
 i - a potion of lignification {unknown}
 j - 2 potions of heal wounds
 k - a potion of brilliance
Comestibles
 d - 10 rations
 m - 3 chunks of flesh


   Skills:
 + Level 3.7 Fighting
 * Level 3.7 Maces & Flails
 + Level 3.7 Dodging
 + Level 3.7 Shields


You had 4 spell levels left.
You didn't know any spells.
Your spell library was empty.

Dungeon Overview and Level Annotations

Branches:
Dungeon (4/15)
 Temple: D:4-7

Altars:
Nemelex Xobeh
The Shining One


Innate Abilities, Weirdness & Mutations

You cannot wear most types of armour.
You are very stealthy in the water. (Stealth+)
You are amphibious.
You can wear up to eight rings at the same time.
You can use your tentacles to constrict eight enemies at once.
Your skin changes colour to match your surroundings (Stealth+).
Your rubbery body absorbs attacks. (AC +1, EV +1)
Your body sometimes deteriorates upon taking damage.
Your muscles are strong. (Str +2)
You evolve.
Your spells are a little easier to cast, but a little less powerful.


Message History

You hit the worker ant. Your grab misses the worker ant.
Your squeeze misses the worker ant.
The worker ant is moderately wounded.
You block the worker ant's attack.
You closely miss the worker ant. You grab the worker ant.
The worker ant is moderately wounded.
You constrict the worker ant, but do no damage.
You block the worker ant's attack. The worker ant bites you.
* * * LOW HITPOINT WARNING * * *
Your body deteriorates!
You feel weakened.
You are poisoned.
The worker ant poisons you!
You hit the worker ant but do no damage.
You squeeze the worker ant.
The worker ant is severely wounded.
You constrict the worker ant.
* * * LOW HITPOINT WARNING * * *
You feel sick. The worker ant bites you!
* * * LOW HITPOINT WARNING * * *
The worker ant bites you.
You die...

#####
..##########...#
........@a...#.#
..##########...#
##.## #†# #.# #
#.####### #
#####.#.......#
##.
S...#.#........
....#####
#.....#####.#


You could see a worker ant.

Vanquished Creatures
  2 worker ants (D:4)
  2 adders (D:2)
  An ooze (D:2)
  3 worms
  6 dart slugs
  2 leopard geckos
  4 orcs (D:3)
  3 giant cockroaches
  4 goblins
  2 hobgoblins (D:3)
  4 jackals (D:3)
  6 kobolds
  2 quokkas (D:3)
  14 bats
  A frilled lizard (D:1)
  7 rats
63 creatures vanquished.

Notes
Turn   | Place    | Note
-------+----------+-------------------------------------------
     0 | D:1      | Ijustatesigmund the Octopode Fighter began the quest for
                  | the Orb.
     0 | D:1      | Reached XP level 1. HP: 16/16 MP: 1/1
   225 | D:1      | Reached XP level 2. HP: 16/21 MP: 2/2
   605 | D:2      | Reached XP level 3. HP: 21/26 MP: 3/3
   826 | D:2      | Reached XP level 4. HP: 16/31 MP: 4/4
  1305 | D:2      | Found a glowing golden altar of the Shining One.
  1833 | D:3      | Gained mutation: Your body sometimes deteriorates upon
                  | taking damage. [potion of mutation]
  1833 | D:3      | Gained mutation: Your spells are a little easier to cast,
                  | but a little less powerful. [potion of mutation]
  1833 | D:3      | Gained mutation: You evolve. [potion of mutation]
  1833 | D:3      | Gained mutation: Your muscles are strong. (Str +2) [potion
                  | of mutation]
  2079 | D:3      | Found a sparkling altar of Nemelex Xobeh.
  2188 | D:4      | Reached XP level 5. HP: 27/36 MP: 5/5
  2271 | D:4      | HP: 1/37 [worker ant (7)]
  2271 | D:4      | Slain by a worker ant

Levels and vault maps discovered:
D:1:      minmay_arrival_arboretum_small, layout_rooms
D:2:      layout_rooms, lemuel_round_altar, minmay_misc_feat_more_columns,
          hangedman_decor_peaks_small
D:3:      layout_basic, lemuel_round_altar, st_stairs_12
D:4:      layout_loops_ring, overflow_temple_1_default,
          gammafunk_temple_overflow_pools, minmay_temple_entry_stoned_glass,
          first_ration, minmay_misc_feat_rugged

Skill      XL: |  1  2  3 |
---------------+----------+-----
Maces & Flails | 3 |  3.7
Fighting       | |  3.7
Dodging        | |  3.7
Shields        | |  3.7

Action                   |  1- 3 |  4- 6 || total
-------------------------+-------+-------++-------
Melee: Flail             |    56 |    67 ||   123
       Constrict         |    12 |    26 ||    38
       Tentacles         |    10 |    14 ||    24
  Use: Scroll            |     8 |     4 ||    12
       Potion            |       |     1 ||     1
 Stab: Sleeping          |     4 |     6 ||    10
  Eat: Chunk             |       |     4 ||     4
Armor: Skin              |     9 |     6 ||    15
Dodge: Dodged            |    31 |    27 ||    58
Block: Shield            |    27 |    34 ||    61

Table legend:
 A = Non-vault XP
 B = Vault XP
 C = Vault XP percentage of total XP
 D = Non-vault monster count
 E = Vault monster count
 F = Vault count percentage of total count
                 A         B        C        D         E       F
            +---------+---------+-------+---------+---------+-------
      Total |     225 |       1 |   0.4 |      62 |       1 |   1.6
            +---------+---------+-------+---------+---------+-------
        D:1 |      26 |       0 |   0.0 |      12 |       0 |   0.0
        D:2 |      60 |       0 |   0.0 |      16 |       0 |   0.0
        D:3 |      72 |       1 |   1.4 |      32 |       1 |   3.0
        D:4 |      67 |       0 |   0.0 |       2 |       0 |   0.0
            +---------+---------+-------+---------+---------+-------
